ORI
OREGON STATE UNIVERSITY BEAVERS @ ARIZONA STATE UNIVERSITY SUN DEVILS
11/30/2049
 
TOP OF THE 1ST
Oregon State University Beavers batting - Pitching for University of Florida Gators : LHP Michel Loiseau
Pitching: LHP Michel Loiseau
Batting: LHB Pablo Fraga 0-0: Called Strike
0-1: Foul Ball, location: 2F
0-2: Ground out U3 (Groundball, 3, EV 80.6 MPH)
Batting: SHB Sosaia Apelahama 0-0: Ball
1-0: Called Strike
1-1: Ground out 6-3 (Groundball, 56, EV 108.1 MPH)
Batting: SHB Eric Robertson 0-0: Ball
1-0: Swinging Strike
1-1: Ground out 5-3 (Groundball, 5L, EV 101.9 MPH)
Top of the 1st over - 0 runs, 0 hits, 0 errors, 0 left on base; Oregon State University 0 - University of Florida 0
BOTTOM OF THE 1ST
University of Florida Gators batting - Pitching for Oregon State University Beavers : RHP Bill Vadeboncoeur
Pitching: RHP Bill Vadeboncoeur
Batting: RHB Marco Morales 0-0: Swinging Strike
0-1: Swinging Strike
0-2: Ball
1-2: Ground out 1-3 (Groundball, P, EV 69.4 MPH)
Batting: LHB Terry Bayer 0-0: Ball
1-0: SINGLE (Groundball, 4D, EV 105.0 MPH)
Batting: RHB Robert Mason 0-0: Fielders Choice at 2nd, 6-4 (Groundball, 6, EV 91.2 MPH)
Batting: RHB Gong-sun Law 0-0: Ball
1-0: Called Strike
1-1: Foul Ball, location: 2F
1-2: Foul Ball, location: 2F
1-2: Fly out, F9 (Flyball, 9LSF, EV 78.8 MPH)
Bottom of the 1st over - 0 runs, 1 hit, 0 errors, 1 left on base; Oregon State University 0 - University of Florida 0
TOP OF THE 2ND
Oregon State University Beavers batting - Pitching for University of Florida Gators : LHP Michel Loiseau
Batting: RHB Martin Darrington 0-0: Ball
1-0: Called Strike
1-1: Ball
2-1: Fly out, F7 (Flyball, 7LS, EV 86.2 MPH)
Batting: LHB Jon Hamilton 0-0: Called Strike
0-1: Ball
1-1: Ball
2-1: Called Strike
2-2: SINGLE (Flyball, 8RS, EV 86.9 MPH) - OUT at second base trying to stretch hit.
Batting: RHB Israel Soto 0-0: Called Strike
0-1: Ball
1-1: Fly out, F9 (Flyball, 89M, EV 88.1 MPH)
Top of the 2nd over - 0 runs, 1 hit, 0 errors, 0 left on base; Oregon State University 0 - University of Florida 0
BOTTOM OF THE 2ND
University of Florida Gators batting - Pitching for Oregon State University Beavers : RHP Bill Vadeboncoeur
Batting: RHB Elliott Pye 0-0: Called Strike
0-1: Ball
1-1: Called Strike
1-2: Fly out, F3 (Popup, 23F, EV 85.0 MPH)
Batting: SHB Pat Justice 0-0: Foul Ball, location: 2F
0-1: Ball
1-1: Ground out 3-1 (Groundball, 34, EV 105.6 MPH)
Batting: LHB Dave Newsome 0-0: Ball
1-0: Fly out, F6 (Popup, 6MS, EV 83.1 MPH)
Bottom of the 2nd over - 0 runs, 0 hits, 0 errors, 0 left on base; Oregon State University 0 - University of Florida 0
TOP OF THE 3RD
Oregon State University Beavers batting - Pitching for University of Florida Gators : LHP Michel Loiseau
Batting: LHB Brock Darby 0-0: Called Strike
0-1: Called Strike
0-2: Foul Ball, location: 2F
0-2: Fly out, F8 (Flyball, 8RM, EV 88.8 MPH)
Batting: RHB Oscar Munoz 0-0: Ground out U3 (Groundball, 3S, EV 83.1 MPH)
Batting: SHB Chris Gartner 0-0: Ball
1-0: Foul Ball, location: 2F
1-1: SINGLE (Line Drive, 7LS, EV 109.4 MPH)
Batting: LHB Pablo Fraga 0-0: Ball
1-0: Ball
2-0: Ball
3-0: Called Strike
3-1: Foul Ball, location: 2F
3-2: Foul Ball, location: 2F
3-2: Ground out U3 (Groundball, 34S, EV 85.0 MPH)
Top of the 3rd over - 0 runs, 1 hit, 0 errors, 1 left on base; Oregon State University 0 - University of Florida 0
BOTTOM OF THE 3RD
University of Florida Gators batting - Pitching for Oregon State University Beavers : RHP Bill Vadeboncoeur
Batting: RHB Juan Lopez 0-0: Ball
1-0: Ground out 5-3 (Groundball, 56S, EV 83.1 MPH)
Batting: LHB Jose Garcia 0-0: Ground out 4-3 (Groundball, 34, EV 97.5 MPH)
Batting: RHB Marco Morales 0-0: Foul Ball, location: 2F
0-1: Ball
1-1: Foul Ball, location: 2F
1-2: SINGLE (Groundball, 56, EV 93.8 MPH)
Batting: LHB Terry Bayer 0-0: Ball
1-0: Called Strike
1-1: Fly out, F7 (Line Drive, 7, EV 95.0 MPH)
Bottom of the 3rd over - 0 runs, 1 hit, 0 errors, 1 left on base; Oregon State University 0 - University of Florida 0
TOP OF THE 4TH
Oregon State University Beavers batting - Pitching for University of Florida Gators : LHP Michel Loiseau
Batting: SHB Sosaia Apelahama 0-0: Called Strike
0-1: Foul Ball, location: 2F
0-2: Ground out 5-3 (Groundball, 56, EV 100.6 MPH)
Batting: SHB Eric Robertson 0-0: Ball
1-0: SINGLE (Line Drive, 34, EV 107.5 MPH)
Batting: RHB Martin Darrington 0-0: 2-RUN HOME RUN (Flyball, 78XD, EV 106.2 MPH), Distance : 419 ft
Batting: LHB Jon Hamilton 0-0: Ball
1-0: Foul Ball, location: 2F
1-1: Ground out U3 (Groundball, 34, EV 91.9 MPH)
Batting: RHB Israel Soto 0-0: Called Strike
0-1: Ball
1-1: Called Strike
1-2: Foul Ball, location: 2F
1-2: Strikes out swinging
Top of the 4th over - 2 runs, 2 hits, 0 errors, 0 left on base; Oregon State University 2 - University of Florida 0
BOTTOM OF THE 4TH
University of Florida Gators batting - Pitching for Oregon State University Beavers : RHP Bill Vadeboncoeur
Batting: RHB Robert Mason 0-0: Called Strike
0-1: Called Strike
0-2: Foul Ball, location: 2F
0-2: Foul Ball, location: 2F
0-2: Ball
1-2: Ground out 6-3 (Groundball, 6, EV 104.4 MPH)
Batting: RHB Gong-sun Law 0-0: Fly out, F9 (Flyball, 89D, EV 103.1 MPH)
Batting: RHB Elliott Pye 0-0: Ground out 6-3 (Groundball, 6, EV 80.6 MPH)
Bottom of the 4th over - 0 runs, 0 hits, 0 errors, 0 left on base; Oregon State University 2 - University of Florida 0
TOP OF THE 5TH
Oregon State University Beavers batting - Pitching for University of Florida Gators : LHP Michel Loiseau
Batting: LHB Brock Darby 0-0: Ball
1-0: Swinging Strike
1-1: Ground out 6-3 (Groundball, 6, EV 91.2 MPH)
Batting: RHB Oscar Munoz 0-0: Ball
1-0: Called Strike
1-1: Swinging Strike
1-2: Strikes out swinging
Batting: SHB Chris Gartner 0-0: Ball
1-0: Swinging Strike
1-1: Swinging Strike
1-2: Foul Ball, location: 2F
1-2: Ground out U3 (Groundball, 3, EV 76.9 MPH)
Top of the 5th over - 0 runs, 0 hits, 0 errors, 0 left on base; Oregon State University 2 - University of Florida 0
BOTTOM OF THE 5TH
University of Florida Gators batting - Pitching for Oregon State University Beavers : RHP Bill Vadeboncoeur
Batting: SHB Pat Justice 0-0: Ball
1-0: Ball
2-0: Called Strike
2-1: Foul Ball, location: 2F
2-2: Ball
3-2: Strikes out swinging
Batting: LHB Dave Newsome 0-0: Called Strike
0-1: Ball
1-1: Ball
2-1: Ground out U3 (Groundball, 3, EV 88.1 MPH)
Batting: RHB Juan Lopez 0-0: Called Strike
0-1: Ball
1-1: Ground out 6-3 (Groundball, 6, EV 85.0 MPH)
Bottom of the 5th over - 0 runs, 0 hits, 0 errors, 0 left on base; Oregon State University 2 - University of Florida 0
TOP OF THE 6TH
Oregon State University Beavers batting - Pitching for University of Florida Gators : LHP Michel Loiseau
Batting: LHB Pablo Fraga 0-0: Ball
1-0: Foul Ball, location: 2F
1-1: Ground out 5-3 (Groundball, 15, EV 83.1 MPH)
Batting: SHB Sosaia Apelahama 0-0: Ball
1-0: Foul Ball, location: 2F
1-1: Ball
2-1: Foul Ball, location: 2F
2-2: Foul Ball, location: 2F
2-2: Strikes out swinging
Batting: SHB Eric Robertson 0-0: Foul Ball, location: 2F
0-1: Ball
1-1: Ball
2-1: Fly out, F8 (Flyball, 8RD, EV 100.0 MPH)
Top of the 6th over - 0 runs, 0 hits, 0 errors, 0 left on base; Oregon State University 2 - University of Florida 0
BOTTOM OF THE 6TH
University of Florida Gators batting - Pitching for Oregon State University Beavers : RHP Bill Vadeboncoeur
Batting: LHB Jose Garcia 0-0: Ball
1-0: Ball
2-0: Ball
3-0: Base on Balls
Batting: RHB Marco Morales 0-0: Fielders Choice at 2nd, U6 (Groundball, 4MS, EV 86.2 MPH)
Now at SS: Steve Webb
Batting: LHB Terry Bayer 0-0: Called Strike
0-1: Fly out, F7 (Line Drive, 78M, EV 104.4 MPH)
Batting: RHB Robert Mason 0-0: Ball
Marco Morales is caught stealing 2nd base 2-4
Bottom of the 6th over - 0 runs, 0 hits, 0 errors, 0 left on base; Oregon State University 2 - University of Florida 0
TOP OF THE 7TH
Oregon State University Beavers batting - Pitching for University of Florida Gators : LHP Michel Loiseau
Pitching: LHP Alexander Collins
Batting: RHB Martin Darrington 0-0: Called Strike
0-1: Ball
1-1: Ball
2-1: Ground out 5-3 (Groundball, 56, EV 108.8 MPH)
Batting: LHB Jon Hamilton 0-0: Foul Ball, location: 2F
0-1: Ball
1-1: Foul Ball, location: 2F
1-2: Foul Ball, location: 2F
1-2: Fly out, F4 (Popup, 34S, EV 78.8 MPH)
Batting: RHB Israel Soto 0-0: Ball
1-0: Ball
2-0: Ball
3-0: Called Strike
3-1: Base on Balls
Batting: LHB Brock Darby 0-0: Ball
1-0: Swinging Strike
1-1: Foul Ball, location: 2F
1-2: Strikes out swinging
Top of the 7th over - 0 runs, 0 hits, 0 errors, 1 left on base; Oregon State University 2 - University of Florida 0
BOTTOM OF THE 7TH
University of Florida Gators batting - Pitching for Oregon State University Beavers : RHP Bill Vadeboncoeur
Batting: RHB Robert Mason 0-0: Ball
1-0: Ball
2-0: Called Strike
2-1: Called Strike
2-2: Foul Ball, location: 2F
2-2: Ball
3-2: Base on Balls
Pitching: RHP Paul Cooke
Batting: RHB Gong-sun Law 0-0: Called Strike
0-1: Ball
1-1: Ball
2-1: Ball
3-1: Swinging Strike
3-2: Foul Ball, location: 2F
3-2: SINGLE (Groundball, 5S, EV 66.2 MPH) (infield hit)
Robert Mason to second
Batting: RHB Elliott Pye 0-0: Ball
1-0: Single, Error in OF, E8, batter to second base (Line Drive, 6M, EV 98.1 MPH)
Robert Mason scores
Gong-sun Law to third
Batting: SHB Pat Justice 0-0: Ball
1-0: Ball
2-0: Foul Ball, location: 2F
2-1: Ball
3-1: Foul Ball, location: 2F
3-2: Foul Ball, location: 2F
3-2: Foul Ball, location: 2F
3-2: Foul Ball, location: 2F
3-2: Ground out 1-3 (Groundball, 34S, EV 68.8 MPH)
Batting: LHB Dave Newsome 0-0: Ball
1-0: Foul Ball, location: 2F
1-1: Foul Ball, location: 2F
1-2: 3-RUN HOME RUN (Flyball, 89XD, EV 104.4 MPH), Distance : 424 ft
Pitching: RHP Nick Henry
Batting: RHB Juan Lopez 0-0: Ball
1-0: DOUBLE (Line Drive, 3D, EV 94.4 MPH)
Batting: LHB Jose Garcia 0-0: Called Strike
0-1: Ball
1-1: Foul Ball, location: 2F
1-2: Foul Ball, location: 2F
1-2: Foul Ball, location: 2F
1-2: Ball
2-2: Ball
3-2: Foul Ball, location: 2F
3-2: Fly out, F8 (Flyball, 8RM, EV 94.4 MPH)
Batting: RHB Marco Morales 0-0: Ball
1-0: Ball
2-0: Swinging Strike
2-1: Ground out 1-3 (Groundball, 34S, EV 63.8 MPH)
Bottom of the 7th over - 4 runs, 4 hits, 1 error, 1 left on base; Oregon State University 2 - University of Florida 4
TOP OF THE 8TH
Oregon State University Beavers batting - Pitching for University of Florida Gators : LHP Alexander Collins
Pitching: LHP Bill White
Batting: RHB Oscar Munoz 0-0: Ball
1-0: SINGLE (Groundball, 3D, EV 101.2 MPH)
Batting: SHB Chris Gartner 0-0: Called Strike
0-1: Ball
1-1: Called Strike
1-2: Ball
2-2: Strikes out swinging
Batting: LHB Pablo Fraga 0-0: Ball
1-0: Ball
2-0: Grounds into double play, 4-6-3 (Groundball, 4M, EV 78.8 MPH)
Top of the 8th over - 0 runs, 1 hit, 0 errors, 0 left on base; Oregon State University 2 - University of Florida 4
BOTTOM OF THE 8TH
University of Florida Gators batting - Pitching for Oregon State University Beavers : RHP Nick Henry
Pitching: LHP Jaime Belden
Batting: LHB Terry Bayer 0-0: Ball
1-0: Foul Ball, location: 2F
1-1: SINGLE (Flyball, 9S, EV 94.4 MPH)
Batting: RHB Robert Mason 0-0: Fielders Choice at 2nd, 5-4 (Groundball, 56S, EV 81.2 MPH)
Batting: RHB Gong-sun Law 0-0: Ball
1-0: Ball
2-0: Ball
3-0: Foul Ball, location: 2F
3-1: Base on Balls
Robert Mason to second
Batting: RHB Elliott Pye 0-0: Ball
1-0: Ball
2-0: Called Strike
2-1: Ball
3-1: Base on Balls
Robert Mason to third
Gong-sun Law to second
Batting: SHB Pat Justice 0-0: Swinging Strike
0-1: Grounds into fielders choice 6-2 (Groundball, 6, EV 106.2 MPH)
Gong-sun Law to third
Elliott Pye to second
Batting: LHB Dave Newsome 0-0: Foul Ball, location: 2F
0-1: Ball
1-1: Ball
2-1: Ball
3-1: Called Strike
3-2: Strikes out swinging
Bottom of the 8th over - 0 runs, 1 hit, 0 errors, 3 left on base; Oregon State University 2 - University of Florida 4
TOP OF THE 9TH
Oregon State University Beavers batting - Pitching for University of Florida Gators : LHP Bill White
Pitching: LHP Adhamh Lubis
Batting: RHB Steve Webb 0-0: Ground out 2-3 (Groundball, 2L, EV 61.2 MPH)
Pinch Hitting: LHB Fred Bal 0-0: Ball
1-0: Fly out, F8 (Flyball, 8LM, EV 73.1 MPH)
Batting: RHB Martin Darrington 0-0: Ball
1-0: Ground out 5-3 (Groundball, 56S, EV 86.2 MPH)
Top of the 9th over - 0 runs, 0 hits, 0 errors, 0 left on base; Oregon State University 2 - University of Florida 4
Sunday, July 16th , 2023 - OOTP Baseball 24.6 Build 69